 Dungeon Crawl Stone Soup version 0.23-a0-309-ge7838e6 (webtiles) character file.

3549 Amnesiac the Covert (level 9, 34/34 HPs)
             Began as a Felid Earth Elementalist on Oct 11, 2018.
             Was a Priest of Ashenzari.
             Quit the game on level 10 of the Dungeon.
             The game lasted 00:28:56 (12154 turns).

Amnesiac the Covert (Felid Earth Elementalist)     Turns: 12154, Time: 00:28:57

Health: 34/34      AC:  2    Str: 14    XL:     9   Next: 83%
Magic:  16/16      EV: 18    Int: 19    God:    Ashenzari [***...]
Gold:   111        SH:  0    Dex: 18    Spells: 1/16 levels left
                                        Lives:  1   Deaths: 1

rFire    . . .     SeeInvis +     - Unarmed
rCold    . . .     Gourm    .   (shield unavailable)
rNeg     . . .     Faith    .   (armour unavailable)
rPois    .         Spirit   .   (helmet unavailable)
rElec    .         Reflect  .   (cloak unavailable)
rCorr    .         Harm     .   (gloves unavailable)
MR       +....                  (boots unavailable)
Stlth    +++.......             y - amulet of inaccuracy (curse)
HPRegen  0.11/turn              o - ring of attention (curse)
MPRegen  0.15/turn              E - ring of Zaorhi {Str+10 Stlth-}

@: quick
A: very small, no armour, no weapons or thrown items, stealth, claws 1, fangs 3,
see invisible, carnivore, speed 1, shaggy fur 2, slow metabolism 1, sharp paws
a: Curse Item, Scrying, Renounce Religion


You were on level 10 of the Dungeon.
You worshipped Ashenzari.
Ashenzari was most pleased with you.
You were not hungry.

You visited 1 branch of the dungeon, and saw 10 of its levels.
You also visited: Sewer.

You collected 423 gold pieces.
You spent 312 gold pieces at shops.

Inventory:

Missiles
 b - 266 stones
Jewellery
 o - a cursed ring of attention (left paw)
 y - a cursed amulet of inaccuracy (around neck)
 E - the ring of Zaorhi (right paw) {Str+10 Stlth-}
   (You bought it in a shop on level 9 of the Dungeon)

   [ring of attention]

   It affects your strength (+10).
   It makes you less stealthy.
Wands
 m - a wand of clouds (6)
 v - a wand of polymorph (21)
 w - a wand of iceblast (6)
 z - a wand of disintegration (18)
 A - a wand of flame (11)
Scrolls
 e - 2 scrolls of fear {!r}
 f - a scroll of magic mapping {!r}
 l - 6 scrolls of remove curse {!r}
 p - a scroll of teleportation {!r}
 u - 4 scrolls of amnesia {!r}
 B - a scroll of summoning {!r, unknown}
 D - a scroll of immolation {!r, unknown}
Potions
 a - 5 potions of curing {!q}
 d - 2 potions of agility {!q}
 g - 4 potions of heal wounds {!q}
 h - 2 potions of berserk rage {!q}
 i - a potion of brilliance {!q}
 j - a potion of resistance {!q}
 k - 2 potions of might {!q}
 n - a potion of lignification {!q}
 q - a potion of mutation {!q, unknown}
 r - a potion of haste {!q}
 s - a potion of magic {!q}
 t - a potion of flight {!q}
 x - a potion of cancellation {!q, unknown}
Comestibles
 c - 20 rations
 C - 5 chunks of flesh


   Skills:
 - Level 2.6 Dodging
 - Level 10.0 Stealth
 - Level 10.0 Unarmed Combat
 + Level 4.0 Spellcasting
 - Level 8.0(9.9) Transmutations
 - Level 8.0(9.9) Earth Magic


You had one spell level left.
You knew the following spells:

 Your Spells              Type           Power        Failure   Level  Hunger
a - Sandblast             Erth           #####.       1%          1    None
b - Passwall              Tmut/Erth      #####...     1%          2    ##.....
d - Lee's Rapid Deconstr  Erth           #####.....   6%          5    ######.
e - Petrify               Tmut/Erth      #####...     2%          4    ####...
r - Regeneration          Chrm/Necr      #.........   36%         3    ###....

Your spell library contained the following spells:

 Spells                   Type           Power        Failure   Level  Hunger
 Animate Skeleton         Necr           N/A          13%         1    None
 Corona                   Hex            #......      13%         1    None
 Flame Tongue             Conj/Fire      #....        13%         1    None
 Pain                     Necr           #...         13%         1    None
 Stone Arrow              Conj/Erth      ###...       4%          3    ###....
 Ensorcelled Hibernation  Hex/Ice        #.....       19%         2    ##.....
 Throw Flame              Conj/Fire      #.....       19%         2    ##.....
 Confuse                  Hex            #.......     36%         3    ###....
 Conjure Flame            Conj/Fire      #.......     36%         3    ###....
 Dazzling Spray           Conj/Hex       #.....       36%         3    ###....
 Inner Flame              Hex/Fire       #.......     36%         3    ###....
 Tukima's Dance           Hex            #.......     36%         3    ###....
 Vampiric Draining        Necr           #.........   36%         3    ###....
 Animate Dead             Necr           N/A          77%         4    ####...
 Sticky Flame             Conj/Fire      #.......     77%         4    ####...
 Fireball                 Conj/Fire      #.........   98%         5    ######.


Dungeon Overview and Level Annotations

Branches:
Dungeon (10/15)            Temple (0/1) D:4            Lair (0/6) D:10
    Orc: D:9-12

Altars:
Ashenzari
Ru
The Shining One

Shops:
D:5 !   D:9 *


Innate Abilities, Weirdness & Mutations

You cannot wear armour.
You are incapable of wielding weapons or throwing items.
Your paws allow you to move quietly. (Stealth)
You have sharp claws.
You have razor-sharp teeth.
You have supernaturally acute eyesight. (SInv)
You are carnivorous and can eat meat at any time.
You cover ground quickly.
You are covered in thick fur. (AC +2)
You have a slow metabolism.
Your sharp claws are effective at attacking unaware monsters.


Message History

Aiming: Lee's Rapid Deconstruction (safe; 7% risk of failure)
Press: ? - help, Dir - move target cursor, f/p - orc warrior Fragment what (e.g. wall or brittle monster)?: an orc warrior, wielding a short The orc warrior shatters!
The orc warrior is moderately wounded.
The blast of petrified fragments hits the orc priest.
The orc priest is heavily wounded.
The orc wizard shouts!
The orc warrior stops moving altogether!
Unknown command.
Casting: Lee's Rapid Deconstruction (safe; 7% risk of failure)
Confirm with . or Enter, or press ? or * to list all spells.
You don't have enough magic to cast that spell.
You can't grasp things well enough to throw them.
Casting: Lee's Rapid Deconstruction (safe; 7% risk of failure)
Confirm with . or Enter, or press ? or * to list all spells.
You don't have enough magic to cast that spell.
The orc priest misses you. The orc warrior barely misses you.
You pounce on the unaware helpless orc warrior!
You eviscerate the orc warrior!!!!
You kill the orc warrior!
Your Spellcasting skill increases to level 4!
The orc barely misses you. The orc priest closely misses you.
The orc wizard gestures wildly while chanting.
The orc wizard blinks!
The orc priest hits you but does no damage.
You see here a ration.
Casting: Lee's Rapid Deconstruction (safe; 6% risk of failure)
Confirm with . or Enter, or press ? or * to list all spells.
Aiming: Sandblast (safe; 1% risk of failure)
Press: ? - help, Shift-Dir - straight line, f - orc priest
Aim: an orc priest, wielding a short sword and wearing a leather armour The blast of sand hits the orc priest.
The orc priest is severely wounded.
b - 267 stones The orc warrior hits you with a mace!!
Ouch! That really hurt!
* * * LOW HITPOINT WARNING * * *
The orc wizard gestures at you while chanting.
The puff of flame hits you!
* * * LOW HITPOINT WARNING * * *
You can't grasp things well enough to throw them.
Unknown command.
The orc wizard mumbles some strange words.
The orc wizard flickers and vanishes for a moment.
The orc priest miscasts a cantrip.
Things that are here:
an uncursed hand axe; 11 stones an uncursed leather armour of cold resistance
Casting: Sandblast (safe; 1% risk of failure)
Confirm with . or Enter, or press ? or * to list all spells.
Aiming: Sandblast (safe; 1% risk of failure)
Press: ? - help, Shift-Dir - straight line, f/p - orc priest
Aim: an orc priest, wielding a short sword and wearing a leather armour The blast of sand misses the orc priest.
The blast of sand hits the orc warrior.
The orc warrior is moderately wounded.
b - 266 stones The orc priest invokes the aid of Beogh against you.
Beogh smites you!
You die...
You are now level 9!
You rejoin the land of the living...
Are you sure you want to abandon this character and quit the game? (Confirm

* , * , ..* ##..
* #..# #..#
########..#
#.........# *
#........#*
#.......@#
#######........#
...[...........#
#######........#
#..รท.....# ###
#........# . ..#
###.###.##
.##.### #..##..#
..#..., #..##.##


There were no monsters in sight!

Vanquished Creatures
  A hydra (D:9)
  A two-headed ogre (D:8)
  Pikel (D:7)
  A gargoyle (D:10)
  A komodo dragon (D:10)
  Prince Ribbit (D:7)
  2 hippogriffs
  Sigmund (D:4)
  4 yaks (D:9)
  3 sky beasts
  2 ice beasts
  2 orc warriors
  A necrophage (D:6)
  4 ogres
  2 slaves (D:7)
  A crocodile (Sewer)
  2 centaurs
  5 bullfrogs
  A gnoll sergeant (D:4)
  A water moccasin zombie (D:7)
  A scorpion (D:9)
  3 howler monkeys
  2 crimson imps
  3 bullfrog zombies
  A centaur zombie (D:4)
  4 quasits
  A jelly (D:5)
  3 bullfrog skeletons
  3 hounds
  4 orc priests
  2 centaur skeletons
  Ijyb (D:3)
  An iguana (D:5)
  7 orc wizards
  10 worker ants
  2 hound zombies (D:4)
  2 worker ant zombies (D:4)
  A howler monkey zombie (D:5)
  6 gnolls
  10 adders
  A shadow imp (D:9)
  2 oozes
  2 adder skeletons (D:4)
  5 worms
  A dart slug (D:4)
  4 leopard geckos
  27 orcs
  A ball python (D:6)
  2 giant cockroaches
  12 goblins
  6 hobgoblins
  7 jackals
  6 quokkas
  3 bats
  4 frilled lizards
  15 kobolds
  23 rats
225 creatures vanquished.

Vanquished Creatures (others)
  2 slaves (D:7)
  A howler monkey (D:7)
  A crimson imp (D:7)
  A hound (D:7)
  4 withered plants (D:4)
9 creatures vanquished.

Grand Total: 234 creatures vanquished

Notes
Turn   | Place    | Note
-------+----------+-------------------------------------------
     0 | D:1      | Amnesiac the Felid Earth Elementalist began the quest for
                  | the Orb.
     0 | D:1      | Reached XP level 1. HP: 7/7 MP: 4/4
   137 | D:1      | Found a shattered altar of Ashenzari.
   145 | D:1      | Became a worshipper of Ashenzari the Shackled
   214 | D:1      | Reached XP level 2. HP: 10/11 MP: 6/6
   225 | D:1      | Learned a level 2 spell: Passwall
   243 | D:1      | Reached skill level 1 in Unarmed Combat
   773 | D:1      | Reached XP level 3. HP: 14/14 MP: 7/7
  1521 | D:2      | You fall through a shaft for 2 floors!
  1538 | D:4      | Noticed Sigmund
  1834 | D:3      | Reached XP level 4. HP: 7/18 MP: 8/8
  2223 | D:3      | Learned a level 4 spell: Petrify
  2516 | D:2      | Reached * piety under Ashenzari
  3355 | D:3      | Noticed Ijyb
  4073 | D:4      | Noticed a bullfrog
  4079 | D:4      | Killed a bullfrog
  4079 | D:4      | Reached XP level 5. HP: 16/21 MP: 2/9
  4147 | D:4      | Gained mutation: You are covered in thick fur. (AC +2)
                  | [Felid growth]
  4147 | D:4      | Reached XP level 6. HP: 22/24 MP: 1/10
  4720 | D:4      | Reached skill level 5 in Earth Magic
  4826 | D:4      | Found a staircase to the Ecumenical Temple.
  4895 | D:4      | Reached XP level 7. HP: 14/27 MP: 1/11
  5154 | D:5      | Entered Level 5 of the Dungeon
  5174 | D:5      | Reached skill level 5 in Transmutations
  5233 | D:5      | Found a sacrificial altar of Ru.
  5534 | D:5      | Found Ettad's Distillery.
  5559 | D:5      | Bought a potion of magic for 104 gold pieces
  5559 | D:5      | Bought a potion of flight for 39 gold pieces
  5559 | D:5      | Bought a potion of degeneration for 13 gold pieces
  5626 | D:5      | Reached XP level 8. HP: 31/31 MP: 4/12
  6338 | D:6      | Found a glowing drain.
  6402 | Sewer    | Entered a sewer
  6508 | Sewer    | Reached skill level 5 in Stealth
  6508 | Sewer    | Reached skill level 5 in Unarmed Combat
  6710 | D:6      | Learned a level 5 spell: Lee's Rapid Deconstruction
  6770 | D:6      | Reached ** piety under Ashenzari
  7297 | D:6      | Reached XP level 9. HP: 34/34 MP: 12/14
  7749 | D:7      | Noticed Pikel
  7759 | D:7      | Killed Pikel
  7801 | D:7      | Noticed Prince Ribbit
  8060 | D:7      | Killed Prince Ribbit
  8552 | D:7      | Found a glowing golden altar of the Shining One.
  8989 | D:3      | Killed Ijyb
  9147 | D:4      | Killed Sigmund
 10129 | D:8      | Noticed a two-headed ogre
 10359 | D:8      | Killed a two-headed ogre
 10359 | D:8      | Reached XP level 10. HP: 37/37 MP: 1/15
 10914 | D:9      | Reached *** piety under Ashenzari
 11304 | D:9      | Found Huefexug's Assorted Antiques.
 11348 | D:9      | Bought a scroll labeled GYPLYN NUOPOAT for 26 gold pieces
 11348 | D:9      | Bought a glittering gossamer ring for 130 gold pieces
 11348 | D:9      | Identified the ring of Zaorhi {Str+10 Stlth-} (You bought
                  | it in a shop on level 9 of the Dungeon)
 11362 | D:9      | Learned a level 3 spell: Regeneration
 11446 | D:9      | Noticed a four-headed hydra
 11455 | D:9      | Killed a four-headed hydra
 11550 | D:9      | Reached skill level 10 in Stealth
 11550 | D:9      | Reached skill level 10 in Unarmed Combat
 11848 | D:10     | Entered Level 10 of the Dungeon
 11917 | D:10     | Noticed a gargoyle
 11917 | D:10     | Killed a gargoyle
 11919 | D:10     | Found a staircase to the Lair.
 11927 | D:10     | Noticed a gargoyle
 12153 | D:10     | Killed from afar by an orc priest
 12154 | D:10     | Reached XP level 9. HP: -3/34 MP: 1/16
 12154 | D:10     | Quit the game

Vault maps used:
D:1:      dpeg_arrival_rhombus, minivault_5, skrybe_limestone_x,
          ashenzari_altar_1
D:2:      minmay_rat_hole
D:3:      kennysheep_goblin_castle
D:4:      minmay_temple_entry_statues_fountains, serial_undead, serial_undead_c,
          serial_undead_b, serial_undead_c, serial_undead_a, first_ration,
          uniq_sigmund
D:5:      serial_shops, nicolae_shop_statue_plus, basic_altar
D:6:      cheibrodos_quashed, cheibrodos_sewer_entry_sluice
D:7:      nicolae_tso_swordbearing_angel, uniq_prince_ribbit1, uniq_pikel
D:9:      serial_shops, shop
D:10:     blue_anna_alchemist
Sewer:    sewer_the_crocodile

Skill      XL: |  1  2  3  4  5  6  7  8  9 10 |
---------------+-------------------------------+-----
Stealth        | 3 6 9 10 | 10.0
Unarmed Combat | 1 2 3 6 8 10 | 10.0
Earth Magic    | 3 4 5 6 8 |  8.0
Transmutations | 2 3 4 6 8 |  8.0
Spellcasting   | 3 4 |  4.0
Dodging        | |  2.6

Action                   |  1- 3 |  4- 6 |  7- 9 | 10-12 || total
-------------------------+-------+-------+-------+-------++-------
Melee: Unarmed           |   131 |   113 |   181 |    55 ||   480
       Bite              |     7 |     7 |    21 |    12 ||    47
       Punch             |     2 |       |     3 |     4 ||     9
 Cast: Sandblast         |    26 |    75 |    71 |    39 ||   211
       Passwall          |     1 |     1 |    15 |     5 ||    22
       Petrify           |       |     1 |    49 |    13 ||    63
       Lee's Rapid Decon |       |       |     3 |     4 ||     7
  Use: Scroll            |     4 |     6 |     7 |       ||    17
       Potion            |       |     7 |     1 |       ||     8
 Stab: Sleeping          |     9 |     4 |    13 |     5 ||    31
       Distracted        |       |     2 |       |     3 ||     5
       Petrified         |       |     5 |    47 |     7 ||    59
       Petrifying        |       |       |     9 |     1 ||    10
  Eat: Chunk             |     9 |     8 |    23 |     9 ||    49
Armor: Skin              |    10 |    12 |    11 |     2 ||    35
Dodge: Dodged            |   114 |   179 |   166 |    30 ||   489

Table legend:
 A = Non-vault XP
 B = Vault XP
 C = Vault XP percentage of total XP
 D = Non-vault monster count
 E = Vault monster count
 F = Vault count percentage of total count
                 A         B        C        D         E       F
            +---------+---------+-------+---------+---------+-------
      Total |    8295 |    1765 |  17.5 |     167 |      56 |  25.1
            +---------+---------+-------+---------+---------+-------
        D:1 |      45 |       0 |   0.0 |      19 |       0 |   0.0
        D:2 |      27 |      20 |  42.6 |      14 |      19 |  57.6
        D:3 |      51 |      58 |  53.2 |      15 |      12 |  44.4
        D:4 |     393 |     516 |  56.8 |      19 |      11 |  36.7
        D:5 |     951 |       0 |   0.0 |      19 |       0 |   0.0
        D:6 |    1014 |     144 |  12.4 |      20 |       6 |  23.1
        D:7 |     357 |     903 |  71.7 |       8 |       2 |  20.0
        D:8 |    1584 |       0 |   0.0 |      17 |       0 |   0.0
        D:9 |    2524 |       0 |   0.0 |      22 |       0 |   0.0
       D:10 |    1349 |       0 |   0.0 |      14 |       0 |   0.0
      Sewer |       0 |     124 | 100.0 |       0 |       6 | 100.0
            +---------+---------+-------+---------+---------+-------
